 Dungeon Crawl Stone Soup version 0.26-a0-1013-gf6ffb0d6bd (webtiles) character file.

Game seed: 11383965130816556814

13005 runemasterragnar the Transmogrifier (level 11, 0/92 HPs)
             Began as a Yellow Draconian Transmuter on Dec 8, 2020.
             Was an Elder of Vehumet.
             Succumbed to Sonja's curare-tipped dart
             ... on level 11 of the Dungeon.
             The game lasted 00:27:14 (14164 turns).

runemasterragnar the Transmogrifier (DrTm)         Turns: 14164, Time: 00:27:15

Health: 0/92       AC: 25    Str: 16    XL:     11   Next: 69%
Magic:  20/20      EV: 19    Int: 17    God:    Vehumet [****..]
Gold:   633        SH:  0    Dex: 12    Spells: 3/22 levels left

rFire    + . .     SeeInvis .   I - +8 long sword of Fiegg {protect, rF+ Str+4}
rCold    . . .     Faith    .   (no shield)
rNeg     . . .     Spirit   .   (armour unavailable)
rPois    .         Reflect  .   C - +1 hat
rElec    .         Harm     .   y - +1 cloak
rCorr    +         Rampage  .   c - +0 pair of gloves
Will     .....                  L - +2 pair of boots {run}
Stlth    +++.......             (no amulet)
HPRegen  0.25/turn              u - +4 ring of protection
MPRegen  0.17/turn              l - +4 ring of evasion

@: lethally poisoned (0 -> -8), protection aura, berserk cooldown, slowed, very
slow
A: spit acid, unfitting armour, cold-blooded, acid resistance, AC +7
a: Breathe Acid, Renounce Religion


You were on level 11 of the Dungeon.
You worshipped Vehumet.
Vehumet was greatly pleased with you.
You visited 2 branches of the dungeon, and saw 12 of its levels.
You also visited: Ossuary.

You collected 633 gold pieces.

Inventory:

Hand Weapons
 k - a +2 dagger of electrocution
 z - a +2 longbow of flaming
 G - the +5 scythe "Finisher" {speed, eviscerate}
   (You found it on level 8 of the Dungeon)

   Attacks with this weapon are significantly faster.
 I - the +8 long sword of Fiegg (weapon) {protect, rF+ Str+4}
   (You took it off a centaur on level 8 of the Dungeon)

   It grants its wielder temporary protection when it strikes (+7 to AC).
   It affects your strength (+4).
   It protects you from fire.
 K - a +5 dagger of freezing
Missiles
 A - 191 arrows
Armour
 c - a +0 pair of gloves (worn)
 y - a +1 cloak (worn)
 B - a +0 buckler
 C - a +1 hat (worn)
 L - a +2 pair of boots of running (worn)
Jewellery
 l - a +4 ring of evasion (right hand)
 q - an uncursed ring of willpower
 t - an uncursed ring of stealth
 u - a +4 ring of protection (left hand)
 F - an uncursed ring of positive energy
 J - an uncursed ring of flight
Wands
 b - a wand of random effects (22)
 m - a wand of flame (4)
 D - a wand of disintegration (26)
 E - a wand of acid (8)
Scrolls
 j - 2 scrolls of enchant armour
 r - 2 scrolls of enchant weapon
 v - 8 scrolls of remove curse
 w - a scroll of blinking
 x - a scroll of fear
 H - 2 scrolls of identify
 M - a scroll of magic mapping
Potions
 a - a potion of flight
 d - 3 potions of mutation
 e - a potion of haste
 f - 3 potions of degeneration
 g - 2 potions of curing
 h - a potion of brilliance
 i - 9 potions of heal wounds
 o - 4 potions of might


   Skills:
 + Level 7.2 Fighting
 + Level 6.2 Dodging
 + Level 6.4 Stealth
 + Level 7.1 Unarmed Combat
 + Level 6.4 Spellcasting
 * Level 3.2 Conjurations
 - Level 6.0 Hexes
 * Level 9.5 Transmutations


You had 3 spell levels left.
You knew the following spells:

 Your Spells              Type           Power        Failure   Level
a - Beastly Appendage     Tmut           #####.       1%          1
b - Wereblood             Tmut           #####...     1%          2
c - Spider Form           Tmut/Pois      ###.......   5%          3
d - Blade Hands           Tmut           #####.....   7%          5
e - Tukima's Dance        Hex            ####....     3%          3
f - Ensorcelled Hibernat  Hex/Ice        ###...       5%          2
g - Dazzling Flash        Conj/Hex       ###...       1%          3

Your spell library contained the following spells:

 Spells                   Type           Power        Failure   Level
 Iskenderun's Battlesphe  Conj           ###.....     22%         5
 Corona                   Hex            ####...      1%          1
 Confusing Touch          Hex            ####....     3%          3
 Ice Form                 Ice/Tmut       ###.....     17%         4


Dungeon Overview and Level Annotations

Branches:
Dungeon (11/15)            Temple (1/1) D:6         Ossuary (visited)
   Lair: D:8-11         Orc: D:9-12

Altars:
Ashenzari
Cheibriados
Dithmenos
Elyvilon
Fedhas
Gozag
Hepliaklqana
Kikubaaqudgha
Makhleb
Nemelex Xobeh
Okawaru
Qazlal
Ru
Sif Muna
Trog
Uskayaw
Vehumet
Wu Jian
Xom
Yredelemnul
Zin
The Shining One

Shops:
D:4 [   D:8 *

Annotations:
D:2 1 transporter
D:7 exclusion: oklob plant
D:11 Sonja


Innate Abilities, Weirdness & Mutations

You can spit globs of acid.
Your golden yellow scales are hard. (AC +7)
You cannot fit into any form of body armour.
You are cold-blooded and may be slowed by cold attacks.
You are resistant to acid. (rCorr)


Message History

* * * LOW HITPOINT WARNING * * *
Sonja closely misses you. Sonja hits you but does no damage.
Space warps horribly around you!
* * * LOW HITPOINT WARNING * * *
The orc barely misses you.
The bullfrog hits you but does no damage.
Sonja hits you but does no damage.
You blink.
You slash the fungus!
The fungus begins to die.
The fungus is lightly damaged.
Sonja throws a curare-tipped dart.
The curare-tipped dart hits you.
You are lethally poisoned!
You have difficulty breathing.
* * * LOW HITPOINT WARNING * * *
You feel yourself slow down.
Unknown command.
You are too berserk!
You are no longer berserk.
You are exhausted.
You feel as though you will be slow longer.
You die...

#.#.#.# #........# #...#.#
#........# #
.#####.########.†§..(#..
#...........##.PK[K.K..PZ.
###########.#...o.F........
#.#P.((.†..P..P..
#.P.P(.(.......P.
#.(....####..uP.. #.@(P.P#
....K. ##.P...# .....
#..P.P### P #(..P..P.
##.......P #......PP
##...P... ##.$... ##..


You could see Sonja, a big kobold, a bullfrog and an orc.

Vanquished Creatures
  Erolcha (D:10)
  An ogre mage (D:9)
  A hydra (D:10)
  Urug (D:10)
  A two-headed ogre (D:9)
  An ugly thing (D:11)
  A cyclops (D:10)
  Grinder (D:3)
  Eustachio (D:4)
  6 wraiths (D:8)
  A yak (D:10)
  14 two-headed ogre zombies (D:9)
  2 water moccasins
  2 orc warriors
  A sky beast (D:7)
  2 black bears
  3 phantoms
  A necrophage (D:10)
  4 ice beasts
  4 ogres
  4 centaurs
  2 elf zombies (Ossuary)
  4 big kobolds
  10 bullfrogs
  A gnoll sergeant (D:8)
  6 killer bees
  3 scorpions
  13 wights
  An electric eel (D:9)
  A centaur zombie (Ossuary)
  A bullfrog zombie (D:6)
  2 centaur skeletons
  5 orc priests
  4 jellies
  6 orc wizards
  13 hounds
  A bullfrog skeleton (D:7)
  A human zombie (Ossuary)
  An iguana (D:6)
  9 worker ants
  2 big kobold zombies (Ossuary)
  An ogre zombie (D:9)
  A hound skeleton (D:10)
  2 mummies (Ossuary)
  A howler monkey zombie (D:10)
  Robin (D:3)
  8 adders
  8 gnolls
  5 shadow imps
  3 white imps
  An ufetubus (D:7)
  4 oozes
  An adder zombie (Ossuary)
  2 adder skeletons
  A worm (D:3)
  2 dart slugs
  3 leopard geckos
  26 orcs
  3 giant cockroaches
  17 goblins
  5 hobgoblins (D:3)
  5 jackals
  26 kobolds
  3 quokkas
  3 bats
  2 frilled lizards (D:2)
  3 goblin zombies (Ossuary)
  8 hobgoblin zombies (Ossuary)
  A jackal skeleton (D:4)
  A jackal zombie (Ossuary)
  7 kobold zombies (Ossuary)
  A leopard gecko skeleton (D:7)
  11 orc zombies (Ossuary)
  6 rats
311 creatures vanquished.

Vanquished Creatures (others)
  A howler monkey (D:11)
  An orc wizard (D:11)
  A quokka (D:9)
  14 fungi (D:11)
  18 plants
35 creatures vanquished.

Grand Total: 346 creatures vanquished

Notes
Turn   | Place    | Note
-------+----------+-------------------------------------------
     0 | D:1      | runemasterragnar the Draconian Transmuter began the quest
                  | for the Orb.
     0 | D:1      | Reached XP level 1. HP: 16/16 MP: 3/3
   433 | D:1      | Reached XP level 2. HP: 23/23 MP: 3/5
   856 | D:2      | Reached XP level 3. HP: 2/28 MP: 4/6
  1181 | D:1      | Learned a level 2 spell: Wereblood
  1185 | D:1      | Learned a level 3 spell: Spider Form
  1372 | D:2      | Found a sparkling altar of Nemelex Xobeh.
  1372 | D:2      | Found a transporter.
  1372 | D:2      | Noticed an orc warrior
  1495 | D:2      | Reached skill level 1 in Stealth
  1863 | D:2      | Found a shimmering blue altar of Sif Muna.
  2127 | D:3      | Reached XP level 4. HP: 34/36 MP: 5/7
  2414 | D:3      | Found an iron altar of Okawaru.
  2429 | D:3      | Reached skill level 3 in Transmutations
  2553 | D:3      | Noticed Robin
  2791 | D:3      | Killed Robin
  2887 | D:3      | Reached XP level 5. HP: 39/41 MP: 6/8
  3034 | D:3      | Noticed Grinder
  3048 | D:3      | Killed Grinder
  3049 | D:3      | Reached XP level 6. HP: 28/50 MP: 6/10
  3445 | D:4      | Reached skill level 4 in Transmutations
  3541 | D:4      | Found a broken altar of Ashenzari.
  3860 | D:4      | Found a sparkling altar of Nemelex Xobeh.
  3921 | D:4      | Your scales start taking on a golden yellow colour.
  3921 | D:4      | Reached XP level 7. HP: 57/57 MP: 7/11
  3921 | D:4      | Gained mutation: You are resistant to acid. (rCorr) [Yellow
                  | Draconian growth]
  4013 | D:4      | Found Jaocof's Antique Armour Shop.
  4434 | D:4      | Found a glowing silver altar of Zin.
  4631 | D:4      | Noticed Eustachio
  4649 | D:4      | Killed Eustachio
  4735 | D:5      | Entered Level 5 of the Dungeon
  4735 | D:5      | Found a shimmering blue altar of Sif Muna.
  4774 | D:5      | Learned a level 5 spell: Blade Hands
  4983 | D:5      | Reached skill level 5 in Transmutations
  5620 | D:6      | Found a staircase to the Ecumenical Temple.
  5626 | Temple   | Entered the Ecumenical Temple
  5714 | D:6      | Found a sand-covered staircase.
  5718 | Ossuary  | Entered an ossuary
  5998 | Ossuary  | Reached XP level 8. HP: 54/66 MP: 7/13
  6260 | D:6      | Learned a level 3 spell: Tukima's Dance
  6572 | D:6      | Reached skill level 1 in Hexes
  7143 | D:6      | Found a sacrificial altar of Ru.
  7212 | D:6      | Reached skill level 6 in Transmutations
  7510 | D:7      | Reached skill level 5 in Unarmed Combat
  7800 | D:7      | Reached XP level 9. HP: 70/72 MP: 11/15
  8061 | D:7      | Found a radiant altar of Vehumet.
  8070 | D:7      | Became a worshipper of Vehumet
  8120 | D:7      | Learned a level 2 spell: Ensorcelled Hibernation
  8324 | D:7      | Found a stormy altar of Qazlal.
  8713 | D:7      | Found a blossoming altar of Fedhas.
  8733 | D:7      | Noticed an oklob plant
  8855 | D:8      | Reached skill level 5 in Fighting
  9176 | D:8      | Reached skill level 7 in Transmutations
  9413 | D:8      | Found the +5 scythe "Finisher" {speed, eviscerate}
  9463 | D:8      | Reached * piety under Vehumet
  9463 | D:8      | Offered knowledge of Freeze by Vehumet.
  9534 | D:8      | Found Cid Gew's Assorted Antiques.
  9608 | D:8      | Reached skill level 5 in Spellcasting
  9801 | D:8      | Found a basalt altar of Yredelemnul.
  9858 | D:8      | Reached XP level 10. HP: 65/82 MP: 17/17
  9999 | D:8      | Identified the +8 long sword of Fiegg {protect, rF+ Str+4}
 10004 | D:8      | Reached skill level 5 in Stealth
 10078 | D:8      | Reached skill level 5 in Dodging
 10348 | D:8      | Found a snail-covered altar of Cheibriados.
 10642 | D:9      | Offered knowledge of Foxfire by Vehumet.
 10686 | D:9      | Reached ** piety under Vehumet
 10794 | D:9      | Found a burning altar of Makhleb.
 10877 | D:9      | Reached skill level 8 in Transmutations
 10886 | D:9      | Reached skill level 5 in Hexes
 11381 | D:9      | Noticed a two-headed ogre
 11383 | D:9      | Noticed an ogre mage
 11393 | D:9      | Killed a two-headed ogre
 11393 | D:9      | Offered knowledge of Ignite Poison by Vehumet.
 11398 | D:9      | Killed an ogre mage
 11410 | D:9      | Reached XP level 11. HP: 59/91 MP: 16/19
 12063 | D:9      | Reached *** piety under Vehumet
 12276 | D:9      | Found a white marble altar of Elyvilon.
 12301 | D:9      | Identified a scroll of acquirement
 12302 | D:9      | Acquired a +2 pair of boots of running
 12631 | D:10     | Entered Level 10 of the Dungeon
 12812 | D:10     | Learned a level 3 spell: Dazzling Flash
 12832 | D:10     | Offered knowledge of Mephitic Cloud by Vehumet.
 12905 | D:10     | Noticed Urug
 12919 | D:10     | Killed Urug
 12920 | D:10     | Reached skill level 1 in Conjurations
 12920 | D:10     | Reached skill level 9 in Transmutations
 13117 | D:10     | Noticed an eight-headed hydra
 13480 | D:10     | Killed an eight-headed hydra
 13573 | D:10     | Noticed Erolcha
 13584 | D:10     | Paralysed by Erolcha for 6 turns
 13593 | D:10     | Killed Erolcha
 13808 | D:11     | Noticed a green ugly thing
 13820 | D:11     | Killed a green ugly thing
 14098 | D:11     | Noticed Sonja
 14103 | D:11     | Reached **** piety under Vehumet
 14137 | D:11     | Offered knowledge of Iskenderun's Battlesphere by Vehumet.
 14157 | D:11     | Noticed a brown ugly thing
 14162 | D:11     | HP: 5/138 [Sonja/+0 dagger of distortion (12)]
 14163 | D:11     | HP: 2/138 [asphyx]
 14164 | D:11     | Succumbed to Sonja's curare-tipped dart

Illustrated notes

Levels and vault maps discovered:
D:1:      minmay_arrival_hallway, layout_basic
D:2:      layout_loops_ring, lemuel_round_altar, grunt_nemelex_the_gamble
D:3:      layout_basic, okawaru_altar_gauntlet_db, serial_forest,
          infiniplex_forest_straight_4, infiniplex_forest_clump_curved,
          infiniplex_forest_clump_long, infiniplex_forest_straight_1,
          infiniplex_forest_straight_2, uniq_robin, uniq_grinder
D:4:      layout_basic, zin_treasury, grunt_temple_overflow_open, serial_shops,
          shop, uniq_eustachio
D:5:      layout_basic, basic_altar
D:6:      layout_basic, nicolae_ru_the_path_less_chosen,
          minmay_temple_entry_wispy, nicolae_ossuary_entry_plus
D:7:      layout_basic, lemuel_doored_altar, nicolae_overflow_hidden_temple,
          tgw_fedhas
D:8:      layout_basic, general_overflow_altar, nicolae_overflow_crystal_walls,
          serial_shops, kennysheep_mini_moat, minmay_guarded_unrand_finisher
D:9:      lemuel_ogre_cave, layout_long_grid, elyvilon_altar_4,
          lightli_temple_of_fire
D:10:     layout_gridville, minmay_misc_feat_rows, uniq_erolcha, uniq_urug
D:11:     layout_basic, grunt_lair_entry_orc_guard_hut, basic_altar,
          xom_confusion_cloud, uniq_sonja
Temple:   eino_temple_lava

Skill      XL: |  1  2  3  4  5  6  7  8  9 10 11 |
---------------+----------------------------------+-----
Dodging        | 2 3 4 5 6 |  6.2
Stealth        | 1 2 3 4 5 6 |  6.4
Transmutations | 3 4 5 6 7 8 9 |  9.5
Fighting       | 2 3 4 5 6 7 |  7.2
Spellcasting   | 3 4 5 6 |  6.4
Unarmed Combat | 4 5 6 7 |  7.1
Hexes          | 2 4 5 6 |  6.0
Conjurations   | 3 |  3.2

Action                   |  1- 3 |  4- 6 |  7- 9 | 10-12 || total
-------------------------+-------+-------+-------+-------++-------
Melee: Unarmed           |    89 |   131 |   275 |   185 ||   680
       Tailslap          |     5 |    10 |    27 |    46 ||    88
       Kick              |    11 |     6 |    14 |     6 ||    37
       Headbutt          |     4 |     1 |    15 |     7 ||    27
       Punch             |     1 |     2 |     7 |     6 ||    16
       Dagger            |       |       |    54 |       ||    54
       Scythe            |       |       |    48 |    20 ||    68
       Long sword        |       |       |       |   145 ||   145
 Fire: Longbow           |       |       |    52 |       ||    52
 Cast: Beastly Appendage |    18 |     3 |     6 |     8 ||    35
       Wereblood         |     1 |       |     2 |       ||     3
       Spider Form       |       |    10 |    24 |     1 ||    35
       Blade Hands       |       |       |    10 |    18 ||    28
       Tukima's Dance    |       |       |       |     2 ||     2
       Ensorcelled Hiber |       |       |       |     2 ||     2
 Abil: Breathe Acid      |       |       |     3 |     5 ||     8
Evoke: Wand              |       |    13 |     2 |     6 ||    21
  Use: Scroll            |     2 |       |    17 |     4 ||    23
       Potion            |     1 |     1 |       |     3 ||     5
 Stab: Sleeping          |     3 |     1 |     6 |     7 ||    17
Armor: Skin              |    14 |    14 |   118 |   189 ||   335
Dodge: Dodged            |    49 |   116 |   392 |   409 ||   966
       Rpst.: Long sword |       |       |       |    64 ||    64

Table legend: (Time is in decaauts)
 A = Elapsed time spent in this place.
 B = Non-inter-level travel time spent in this place.
 C = Inter-level travel time spent in this place.
 D = Time resting spent in this place.
 E = Time spent auto-exploring this place.
 F = Levels seen in this place.
 G = Mean time per level.
                   A        B        C        D        E       F      G
               +--------+--------+--------+--------+--------+-----+--------+
         Total |  14136 |  13669 |    467 |   1662 |   9637 |  13 | 1087.4 |
       Dungeon |  13553 |  13094 |    459 |   1662 |   9262 |  11 | 1232.1 |
        Temple |     27 |     19 |      8 |      0 |      0 |   1 |   27.0 |
       Ossuary |    555 |    555 |      0 |      0 |    375 |   1 |  555.0 |
               +--------+--------+--------+--------+--------+-----+--------+

Top non-repeatable levels by time:
     D:9: 2107 daAuts
     D:8: 1737 daAuts
     D:4: 1375 daAuts
    D:10: 1371 daAuts
     D:3: 1370 daAuts
     D:6: 1328 daAuts
     D:7: 1315 daAuts
     D:1: 1113 daAuts
     D:2: 871 daAuts
     D:5: 836 daAuts
 Ossuary: 555 daAuts
    D:11: 126 daAuts
  Temple: 27 daAuts
